 Dungeon Crawl Stone Soup version 0.18-a0-1078-gebb93d0 (webtiles) character file.

3369 gorblad the Blocker (level 10, 0/76 HPs)
             Began as a Human Fighter on Jan 14, 2016.
             Was a Follower of Dithmenos.
             Slain by a wolf (6 damage)
             ... led by Grum
             ... on level 9 of the Dungeon.
             The game lasted 00:16:18 (8698 turns).

gorblad the Blocker (Human Fighter)                 Turns: 8698, Time: 00:16:18

Health: 0/76       AC: 21    Str: 20    XL:     10   Next: 23%
Magic:  10/10      EV:  7    Int: 11    God:    Dithmenos [*.....]
Gold:   570        SH: 12    Dex: 13    Spells: 0 memorised, 9 levels left

rFire  . . .     SeeInvis .     a - +2 long sword
rCold  . . .     Gourm    .     H - +0 plate armour
rNeg   . . .     Faith    .     c - +1 shield
rPois  .         Spirit   .     s - +0 helmet
rElec  .         Dismiss  .     I - +2 cloak {MR+}
rCorr  .         Reflect  .     j - +0 pair of gloves
SustAt .         Harm     .     e - +2 pair of boots
MR     +....                    (no amulet)
Stlth  ..........               (no ring)
                                p - +3 ring of intelligence

@: wreathed by umbra, somewhat resistant to hostile enchantments, extremely
unstealthy
A: no striking features
a: Renounce Religion


You were on level 9 of the Dungeon.
You worshipped Dithmenos.
Dithmenos was aware of your devotion.
You were not hungry.

You visited 1 branch of the dungeon, and saw 9 of its levels.

You collected 570 gold pieces.

Inventory:

Hand Weapons
 a - a +2 long sword (weapon)
Armour
 c - a +1 shield (worn)
 e - a +2 pair of boots (worn)
 j - a +0 pair of gloves (worn)
 s - a +0 helmet (worn)
 H - a +0 plate armour (worn)
 I - a +2 cloak of magic resistance (worn)
Jewellery
 l - an uncursed amulet of dismissal
 p - a +3 ring of intelligence (left hand)
Scrolls
 b - a scroll of holy word {unknown}
 q - a scroll of amnesia
 t - 2 scrolls of enchant armour
 v - 2 scrolls of remove curse
 y - 2 scrolls of identify
 A - 4 scrolls of teleportation
 D - a scroll of recharging
Potions
 d - 3 potions of might
 g - a potion of curing
 k - a potion of haste
 n - a potion of brilliance
 r - a potion of berserk rage {unknown}
 u - 2 potions of resistance {unknown}
 w - a potion of lignification
 z - a potion of agility {unknown}
 B - a potion of flight {unknown}
 E - 2 potions of mutation {unknown}
 G - a potion of cure mutation {unknown}
Books
 x - a Grand Grimoire

   Spells                             Type                      Level
   a - Monstrous Menagerie            Summoning                    7
   b - Summon Greater Demon           Summoning                    7
   c - Malign Gateway                 Summoning/Translocation      7
   d - Summon Horrible Things         Summoning                    8
Comestibles
 f - 7 bread rations
 h - a slice of pizza
 i - a royal jelly
 m - 4 fruits
 o - 4 meat rations


   Skills:
 + Level 6.1 Fighting
 + Level 7.1 Long Blades
 + Level 6.3 Armour
 + Level 4.9 Dodging
 + Level 0.4 Stealth
 + Level 8.3 Shields


You had 9 spell levels left.
You didn't know any spells.

Dungeon Overview and Level Annotations

Branches:
Dungeon (9/15)             Temple (0/1) D:7
   Lair: D:8-11         Orc: D:9-12

Altars:
Dithmenos
Elyvilon
Pakellas
Ru
Xom
Yredelemnul

Shops:
D:5 }


Message History

You block the wolf's attack. The wolf bites you but does no damage.
Your plate armour prevents you from hitting the wolf.
The wolf is severely wounded.
The wolf bites you!
* * * LOW HITPOINT WARNING * * *
The wolf barely misses you.
You closely miss the wolf.
The wolf is severely wounded.
The wolf bites you but does no damage. x2
You closely miss the wolf.
The wolf is severely wounded.
The wolf bites you but does no damage. You block the wolf's attack.
You hit the wolf but do no damage.
The wolf is severely wounded.
The wolf bites you but does no damage. The wolf bites you.
* * * LOW HITPOINT WARNING * * *
You hit the wolf but do no damage.
The wolf is severely wounded.
You block the wolf's attack. The wolf bites you.
You die...

..# ### #.# # ..#
#.#.# #.# #.#.# #.#
....
#######.###########.##
.....................#
#######.#.....#####..#
...........#....@hS†.#
.######.#..#..######)#
..# #.#..#..# ... ..#
#...<#..# ####
..######.#.#..#
..............#
#.######.#.#..# .#
#.#.#..# .# #.#.##.#


You could see a wolf and an adder.

Vanquished Creatures
  Sigmund (D:5)
  A wraith (D:8)
  Grum (D:9)
  2 hippogriffs (D:8)
  3 wolves (D:9)
  2 necrophages
  3 sky beasts
  A black bear (D:7)
  A phantom (D:6)
  4 ogres
  2 centaurs (D:7)
  4 giant frogs
  A wyvern skeleton (D:8)
  2 scorpions
  3 crimson imps
  A centaur zombie (D:6)
  2 orc priests
  Crazy Yiuf (D:5)
  2 jellies (D:5)
  A centaur skeleton (D:8)
  A giant frog skeleton (D:4)
  A hound (D:7)
  An orc wizard (D:8)
  7 worker ants
  A hound skeleton (D:8)
  8 adders
  2 shadow imps (D:7)
  7 oozes
  2 adder skeletons
  7 worms
  3 giant geckos
  18 orcs
  A ball python (D:3)
  4 giant cockroaches
  9 goblins
  5 hobgoblins
  5 jackals (D:3)
  2 quokkas
  6 bats
  A giant cockroach zombie (D:5)
  2 giant newts
  A jackal skeleton (D:5)
  5 kobolds
  A quokka skeleton (D:8)
  4 rats
  2 fungi (D:5)
144 creatures vanquished.

Notes
Turn   | Place    | Note
--------------------------------------------------------------
     0 | D:1      | gorblad the Human Fighter began the quest for the Orb.
     0 | D:1      | Reached XP level 1. HP: 18/18 MP: 1/1
   210 | D:1      | Reached XP level 2. HP: 24/24 MP: 2/2
   650 | D:1      | Reached XP level 3. HP: 24/29 MP: 3/3
  1012 | D:2      | Reached skill level 1 in Dodging
  1012 | D:2      | Reached XP level 4. HP: 20/35 MP: 4/4
  2349 | D:3      | Reached XP level 5. HP: 37/41 MP: 5/5
  2594 | D:3      | Found a shimmering altar of Xom.
  3940 | D:4      | Reached XP level 6. HP: 44/47 MP: 6/6
  4091 | D:4      | Reached skill level 4 in Armour
  4364 | D:4      | Found a sacrificial altar of Ru.
  4365 | D:4      | Found a basalt altar of Yredelemnul.
  4670 | D:5      | Entered Level 5 of the Dungeon
  4695 | D:5      | Reached XP level 7. HP: 40/52 MP: 7/7
  4845 | D:5      | Found an oddly glowing altar of Pakellas.
  4845 | D:5      | Found Pakellas's Prime Provisions.
  5329 | D:5      | Noticed Sigmund
  5344 | D:5      | Killed Sigmund
  5344 | D:5      | Reached skill level 5 in Shields
  5344 | D:5      | Reached XP level 8. HP: 58/60 MP: 8/8
  5357 | D:5      | Found a shadowy altar of Dithmenos.
  5367 | D:5      | Became a worshipper of Dithmenos the Shadowed
  5443 | D:5      | Noticed Crazy Yiuf
  5451 | D:5      | Killed Crazy Yiuf
  6157 | D:6      | Found a sacrificial altar of Ru.
  6312 | D:6      | Reached skill level 5 in Long Blades
  6312 | D:6      | Reached skill level 5 in Armour
  6447 | D:7      | Reached skill level 6 in Shields
  6517 | D:7      | Reached XP level 9. HP: 65/67 MP: 9/9
  6645 | D:7      | Reached skill level 5 in Fighting
  7027 | D:7      | Reached skill level 7 in Shields
  7048 | D:7      | Found a staircase to the Ecumenical Temple.
  7666 | D:8      | Reached * piety under Dithmenos
  7767 | D:8      | HP: 1/68 [ogre/giant club (6)]
  8154 | D:8      | Found a white marble altar of Elyvilon.
  8211 | D:8      | Reached XP level 10. HP: 68/76 MP: 10/10
  8637 | D:9      | Noticed Grum
  8660 | D:9      | Reached skill level 8 in Shields
  8673 | D:9      | Killed Grum
  8698 | D:9      | Slain by a wolf

Vault maps used:
D:1:      dpeg_arrival_simpleton_b, minmay_crystal_room,
          hangedman_decor_peaks_small
D:2:      first_bread
D:3:      xom_butterflies
D:4:      gammafunk_temple_overflow_pools
D:5:      kennysheep_little_box, johnstein_pakellas_shop, uniq_sigmund,
          uniq_crazy_yiuf_cottage
D:6:      nicolae_ru_path_of_blood
D:7:      minmay_temple_entry_mist
D:8:      basic_altar
D:9:      lemuel_oklob_altar, uniq_grum, uniq_psyche, uniq_maurice

Action                   |  1- 3 |  4- 6 |  7- 9 | 10-12 || total
-------------------------+-------+-------+-------+-------++-------
Melee: Long sword        |    57 |   303 |   348 |    81 ||   789
  Use: Scroll            |     5 |     7 |    11 |       ||    23
       Potion            |       |     1 |     5 |       ||     6
 Stab: Distracted        |       |       |     1 |       ||     1
       Invisible         |       |       |     1 |       ||     1
  Eat: Chunk             |       |    12 |     3 |       ||    15
       Fruit             |       |       |     2 |       ||     2
       Bread ration      |       |       |     1 |       ||     1
       Meat ration       |       |       |     1 |       ||     1
